 Dungeon Crawl Stone Soup version 0.26-a0-572-g753d7e3450 (webtiles) character file.

Game seed: 4057614490929646600

7906 Errates the Geomancer (level 11, -5/64 HPs)
             Began as a Gargoyle Earth Elementalist on Aug 21, 2020.
             Was a Priest of Vehumet.
             Killed from afar by Fannar (44 damage)
             ... with a bolt of cold
             ... on level 10 of the Dungeon.
             The game lasted 00:26:20 (11932 turns).

Errates the Geomancer (GrEE)                       Turns: 11932, Time: 00:26:20

Health: -5/64      AC: 17    Str: 12    XL:     11   Next: 22%
Magic:  6/20       EV: 13    Int: 31    God:    Vehumet [***...]
Gold:   502        SH:  0    Dex: 10    Spells: 9/23 levels left

rFire    . . .     SeeInvis .   a - +1 mace
rCold    . . .     Faith    .   (no shield)
rNeg     + + .     Spirit   .   c - +0 robe
rPois    ∞         Reflect  .   j - +0 helmet
rElec    +         Harm     .   m - +1 cloak
rCorr    .         Clarity  +   n - +1 pair of gloves
MR       +++..                  f - +0 pair of boots
Stlth    ++........             D - amulet of the Four Winds {rN+ MR+++ Clar}
HPRegen  0.20/turn              y - +6 ring of intelligence
MPRegen  0.17/turn              h - +6 ring of intelligence

@: brilliant, hasted, studying Fighting, very quick
A: negative energy resistance 1, electricity resistance, unbreathing,
petrification resistance, rot immunity, AC +8
a: Renounce Religion


You were on level 10 of the Dungeon.
You worshipped Vehumet.
Vehumet was most pleased with you.
You visited 1 branch of the dungeon, and saw 10 of its levels.

You collected 502 gold pieces.

Inventory:

Hand Weapons
 a - a +1 mace (weapon)
 F - a +0 morningstar
Missiles
 b - 409 stones (quivered)
 p - a throwing net
Armour
 c - a +0 robe (worn)
 f - a +0 pair of boots (worn)
 j - a +0 helmet (worn)
 m - a +1 cloak (worn)
 n - a +1 pair of gloves (worn)
Magical Staves
 q - an uncursed staff of earth {unknown}
Jewellery
 g - an uncursed ring of fire
 h - a +6 ring of intelligence (right hand)
 l - an uncursed ring of resist corrosion
 s - an uncursed ring of protection from magic
 w - an uncursed ring of magical power
 x - an uncursed ring of see invisible
 y - a +6 ring of intelligence (left hand)
 D - the amulet of the Four Winds (around neck) {rN+ MR+++ Clar}
   (You found it on level 8 of the Dungeon)

   [amulet of nothing]

   It protects you from negative energy.
   It affects your resistance to hostile enchantments.
   It protects you against confusion.
 E - an uncursed amulet of magic regeneration
Wands
 v - a wand of digging (5)
Scrolls
 e - a scroll of immolation
 k - a scroll of fog
 r - 5 scrolls of remove curse
 B - a scroll of enchant weapon
Potions
 d - 4 potions of lignification
 i - a potion of flight {unknown}
 u - a potion of curing
 z - a potion of stabbing
 A - 2 potions of cancellation
Books
 C - a manual of Fighting


   Skills:
 + Level 5.6 Fighting
 + Level 4.3 Maces & Flails
 + Level 4.8 Armour
 + Level 4.1 Dodging
 - Level 2.1 Stealth
 + Level 6.5 Spellcasting
 + Level 8.7 Conjurations
   Level 0.7 Transmutations
 * Level 5.0 Fire Magic
 + Level 9.0 Earth Magic
 + Level 4.0 Evocations


You had 9 spell levels left.
You knew the following spells:

 Your Spells              Type           Power        Failure   Level
a - Sandblast             Erth           ######       1%          1
b - Stone Arrow           Conj/Erth      ######       1%          3
c - Lee's Rapid Deconstr  Erth           #######...   1%          5
d - Fireball              Conj/Fire      ######....   2%          5

Your spell library contained the following spells:

 Spells                   Type           Power        Failure   Level
 Iskenderun's Mystic Bla  Conj/Tloc      ######..     2%          4
 Foxfire                  Conj/Fire      ####         1%          1
 Freeze                   Ice            ###.         1%          1
 Passwall                 Tmut/Erth      ######..     1%          2
 Conjure Flame            Conj/Fire      ######..     1%          3
 Inner Flame              Hex/Fire       #####...     1%          3
 Sticky Flame             Conj/Fire      ######..     1%          4
 Hailstorm                Conj/Ice       ######..     2%          4
 Beastly Appendage        Tmut           ###...       3%          1
 Summon Small Mammal      Summ           ###.         4%          1
 Frozen Ramparts          Ice            ###...       4%          3
 Wereblood                Tmut           ###.....     5%          2
 Petrify                  Tmut/Erth      ######..     6%          4
 Call Imp                 Summ           ###.....     7%          2
 Spider Form              Tmut/Pois      ###.......   12%         3
 Call Canine Familiar     Summ           ###.....     14%         3
 Ozocubu's Armour         Ice            ###.....     14%         3
 Summon Guardian Golem    Hex/Summ       ###.....     14%         3
 Yara's Violent Unravell  Hex/Tmut       ###.......   28%         5
 Ice Form                 Ice/Tmut       ###.....     36%         4
 Cause Fear               Hex            ###.......   43%         4
 Summon Ice Beast         Ice/Summ       ###.....     43%         4
 Summon Lightning Spire   Summ/Air       ###.....     43%         4
 Blade Hands              Tmut           ###.......   67%         5
 Silence                  Hex/Air        ###.......   78%         5
 Discord                  Hex            ###.......   100%        8


Dungeon Overview and Level Annotations

Branches:
Dungeon (10/15)            Temple (0/1) D:7            Lair (0/6) D:9
    Orc (0/2) D:9

Altars:
Cheibriados
Fedhas
Hepliaklqana
Okawaru
Trog
Uskayaw
Vehumet

Annotations:
D:4 2 transporters, rasy's ghost, amateur DECj
D:10 Fannar


Innate Abilities, Weirdness & Mutations

You are resistant to torment.
Your stone body is resilient. (AC +8)
You are immune to poison.
You resist negative energy. (rN+)
You are resistant to electric shocks. (rElec)
You can survive without breathing.
You are immune to petrification.
You are immune to rotting.


Message History

Aim: Fannar, wielding a +0 quarterstaff of freezing, wearing a +2 robe of cold resistance and wearing an uncursed ring of ice (moderately wounded, covered in an icy film)
You feel a surge of power!
The blast of sand hits Fannar.
Fannar is moderately wounded.
b - 410 stones The bullfrog zombie hits you but does no damage.
Casting: Sandblast (safe; 1% risk of failure)
Confirm with . or Enter, or press ? or * to list all spells.
Aiming: Sandblast (safe; 1% risk of failure)
Press: ? - help, Shift-Dir - straight line, f/p - Fannar
Aim: Fannar, wielding a +0 quarterstaff of freezing, wearing a +2 robe of cold resistance and wearing an uncursed ring of ice (moderately wounded, covered in an icy film)
You feel a surge of power!
The blast of sand hits Fannar!
Fannar is heavily wounded.
b - 409 stones You feel better.
The bullfrog zombie barely misses you.
You miss Fannar.
Fannar is heavily wounded.
Fannar gestures at you while chanting. The bolt of cold hits you!!!
Ouch! That really hurt!
You die...

#..# #..# #..# #..# #..# #..#
#..# #..########..# #..#
#............#
#..#########..........).######
#........>....########........
#.............# #........
#..#########.e# #........ #..#
#.@# #........ #..# #.Z#
#........ #.)# #..# #).......
####..####### #... .........
............. ..... ..........
.................## ##.(......
####..#########..# #........
#..# #..# #..#


You could see Fannar (icy armour) and a bullfrog zombie.

Vanquished Creatures
  Harold (D:7)
  Pikel (D:9)
  An ugly thing (D:7)
  Joseph (D:7)
  A troll (D:10)
  2 wyverns
  A yak (D:9)
  Grum (D:8)
  Menkaure (D:6)
  3 wargs (D:9)
  7 orc warriors
  3 ice beasts
  A phantom (D:4)
  2 sky beasts
  7 ogres
  3 wolves (D:8)
  A necrophage (D:5)
  3 centaurs
  2 lemures (D:9)
  A crocodile (D:7)
  7 bullfrogs
  A wyvern zombie (D:9)
  A scorpion (D:7)
  4 howler monkeys
  4 hounds
  A centaur skeleton (D:8)
  2 jellies
  7 orc priests
  2 bullfrog skeletons
  3 iguanas
  18 orc wizards
  7 worker ants
  A killer bee zombie (D:7)
  2 hound zombies
  A hound skeleton (D:9)
  Robin (D:2)
  2 howler monkey zombies
  A river rat (D:4)
  11 adders
  A white imp (D:5)
  2 ufetubi
  2 oozes
  An adder zombie (D:7)
  7 worms
  3 dart slugs
  7 leopard geckos
  35 orcs
  7 bats
  5 giant cockroaches
  13 goblins
  13 hobgoblins
  18 jackals
  6 kobolds
  4 quokkas
  4 ball pythons
  A frilled lizard (D:3)
  A leopard gecko skeleton (D:4)
  A quokka skeleton (D:4)
  9 rats
259 creatures vanquished.

Notes
Turn   | Place    | Note
-------+----------+-------------------------------------------
     0 | D:1      | Errates the Gargoyle Earth Elementalist began the quest for
                  | the Orb.
     0 | D:1      | Reached XP level 1. HP: 10/10 MP: 3/3
    83 | D:1      | Reached skill level 4 in Earth Magic
    83 | D:1      | Reached XP level 2. HP: 12/15 MP: 5/5
   954 | D:2      | Reached XP level 3. HP: 5/19 MP: 5/7
  1430 | D:2      | Noticed Robin
  1498 | D:2      | Killed Robin
  1868 | D:2      | Reached XP level 4. HP: 24/24 MP: 8/8
  1890 | D:2      | Learned a level 3 spell: Stone Arrow
  2627 | D:2      | Reached skill level 5 in Earth Magic
  2631 | D:2      | Reached skill level 1 in Conjurations
  3401 | D:3      | Reached XP level 5. HP: 28/28 MP: 9/9
  3422 | D:3      | Learned a level 5 spell: Lee's Rapid Deconstruction
  4306 | D:4      | Noticed a phantom
  4347 | D:4      | Killed a phantom
  4347 | D:4      | Reached XP level 6. HP: 14/32 MP: 3/11
  4610 | D:4      | Found a transporter.
  4780 | D:4      | Noticed rasy's ghost (amateur DECj)
  4781 | D:4      | Found a transporter.
  4899 | D:4      | Found an iron altar of Okawaru.
  4899 | D:4      | Found a radiant altar of Vehumet.
  4903 | D:4      | Found a snail-covered altar of Cheibriados.
  4937 | D:4      | Reached skill level 6 in Earth Magic
  4945 | D:4      | Reached XP level 7. HP: 12/36 MP: 6/13
  5610 | D:5      | Entered Level 5 of the Dungeon
  5614 | D:5      | Found a blossoming altar of Fedhas.
  5632 | D:4      | Became a worshipper of Vehumet
  5840 | D:5      | Reached skill level 5 in Conjurations
  5859 | D:5      | Reached XP level 8. HP: 30/41 MP: 8/15
  6084 | D:5      | Reached skill level 7 in Earth Magic
  6131 | D:5      | Found a bloodstained altar of Trog.
  6647 | D:6      | Reached skill level 5 in Spellcasting
  6648 | D:6      | Reached skill level 1 in Fighting
  6648 | D:6      | Reached skill level 1 in Armour
  6818 | D:6      | Reached skill level 1 in Maces & Flails
  6818 | D:6      | Reached skill level 1 in Evocations
  7302 | D:6      | Noticed Menkaure
  7308 | D:6      | Killed Menkaure
  7308 | D:6      | Reached XP level 9. HP: 38/48 MP: 16/16
  7326 | D:6      | Reached * piety under Vehumet
  7326 | D:6      | Offered knowledge of Foxfire by Vehumet.
  8204 | D:7      | Noticed Joseph
  8209 | D:7      | Killed Joseph
  8340 | D:7      | Found a staircase to the Ecumenical Temple.
  8367 | D:7      | Noticed a green ugly thing
  8599 | D:6      | Learned a level 5 spell: Fireball
  8625 | D:7      | Killed a green ugly thing
  8625 | D:7      | Reached skill level 1 in Fire Magic
  8636 | D:7      | Reached skill level 8 in Earth Magic
  8642 | D:7      | Noticed Harold
  8960 | D:7      | Killed Harold
  8960 | D:7      | Reached XP level 10. HP: 55/56 MP: 16/19
  9130 | D:7      | Found a hide-covered altar of Uskayaw.
  9499 | D:8      | Noticed Grum
  9511 | D:8      | Killed Grum
  9511 | D:8      | Offered knowledge of Searing Ray by Vehumet.
  9709 | D:8      | Reached ** piety under Vehumet
 10028 | D:8      | Found the amulet of the Four Winds {rN+ MR+++ Clar}
 10108 | D:9      | Found a staircase to the Lair.
 10462 | D:9      | Offered knowledge of Frozen Ramparts by Vehumet.
 10765 | D:9      | Found a staircase to the Orcish Mines.
 10831 | D:9      | Found a hazy altar of Hepliaklqana.
 10852 | D:9      | Noticed Pikel
 10856 | D:9      | Killed Pikel
 10856 | D:9      | Reached skill level 5 in Fighting
 10856 | D:9      | Reached XP level 11. HP: 64/64 MP: 4/20
 11148 | D:9      | Reached *** piety under Vehumet
 11361 | D:10     | Entered Level 10 of the Dungeon
 11581 | D:10     | Offered knowledge of Iskenderun's Mystic Blast by Vehumet.
 11765 | D:10     | Reached skill level 5 in Fire Magic
 11887 | D:10     | Reached skill level 9 in Earth Magic
 11903 | D:10     | Noticed Fannar
 11932 | D:10     | Killed from afar by Fannar

Illustrated notes

Levels and vault maps discovered:
D:1:      dpeg_arrival_simpleton_b, layout_basic
D:2:      layout_loops_cross, minmay_quantized, uniq_robin
D:3:      layout_basic, minmay_cupped
D:4:      layout_loops_ring, nicolae_overflow_hidden_temple,
          gup_sewer_entry_bowl, gammafunk_ghost_arena
D:5:      layout_cave_pools, basic_altar, trog_three_pillars_becter
D:6:      layout_basic, uniq_menkaure
D:7:      layout_basic, minmay_temple_entry_water_ring, basic_altar,
          uniq_harold, uniq_joseph
D:8:      layout_rooms, minmay_manual_moon, uniq_grum
D:9:      layout_rooms, kennysheep_mini_moat, erik_lair_orcish_takeover,
          david_orc_4, uniq_pikel
D:10:     layout_small_grid, uniq_fannar, uniq_josephine

Skill      XL: |  1  2  3  4  5  6  7  8  9 10 11 |
---------------+----------------------------------+-----
Earth Magic    | 4 5 6 7 8 9 |  9.0
Spellcasting   | 3 4 5 6 |  6.5
Conjurations   | 1 3 4 6 7 8 |  8.7
Fighting       | 1 3 5 |  5.6
Armour         | 1 3 4 |  4.8
Maces & Flails | 1 3 4 |  4.3
Dodging        | 2 3 4 |  4.1
Evocations     | 1 3 4 |  4.0
Fire Magic     | 2 4 5 |  5.0
Stealth        | |  2.1
Transmutations | |  0.7

Action                   |  1- 3 |  4- 6 |  7- 9 | 10-12 || total
-------------------------+-------+-------+-------+-------++-------
Melee: Mace              |    88 |   247 |   199 |   248 ||   782
 Cast: Sandblast         |    12 |    32 |    45 |    34 ||   123
       Lee's Rapid Decon |       |     1 |     9 |    18 ||    28
       Stone Arrow       |       |       |     3 |     9 ||    12
       Fireball          |       |       |       |     3 ||     3
Evoke: Wand              |       |       |    14 |     3 ||    17
  Use: Scroll            |       |    14 |    10 |     4 ||    28
       Potion            |       |       |     3 |     3 ||     6
 Stab: Distracted        |     1 |       |       |       ||     1
       Sleeping          |     3 |     6 |     1 |     1 ||    11
Armor: Robe              |    43 |   142 |   106 |   168 ||   459
       Skin              |       |       |    14 |       ||    14
Dodge: Dodged            |    86 |   231 |   161 |   231 ||   709

Table legend: (Time is in decaauts)
 A = Elapsed time spent in this place.
 B = Non-inter-level travel time spent in this place.
 C = Inter-level travel time spent in this place.
 D = Time resting spent in this place.
 E = Time spent auto-exploring this place.
 F = Levels seen in this place.
 G = Mean time per level.
                   A        B        C        D        E       F      G
               +--------+--------+--------+--------+--------+-----+--------+
         Total |  12191 |  11704 |    487 |   1895 |   7243 |  10 | 1219.1 |
       Dungeon |  12191 |  11704 |    487 |   1895 |   7243 |  10 | 1219.1 |
               +--------+--------+--------+--------+--------+-----+--------+

Top non-repeatable levels by time:
     D:6: 1874 daAuts
     D:2: 1704 daAuts
     D:3: 1405 daAuts
     D:4: 1382 daAuts
     D:1: 1290 daAuts
     D:9: 1201 daAuts
     D:7: 1016 daAuts
     D:8: 940 daAuts
     D:5: 906 daAuts
    D:10: 469 daAuts
